 Dungeon Crawl Stone Soup version 0.13-a0-2202-g857913d (webtiles) character file.

198 Kae the Firebug (level 3, -3/19 HPs)
             Began as a Tengu Fire Elementalist on July 2, 2013.
             Slain by Terence
             ... wielding a +0,+0 flail
              (6 damage)
             ... on Level 2 of the Dungeon.
             The game lasted 00:02:17 (2058 turns).

Kae the Firebug (Tengu Fire Elementalist)           Turns: 2058, Time: 00:02:17

HP  -3/19        AC  2     Str  8      XL: 3   Next: 77%
MP   2/7         EV 12     Int 16      God:
Gold 149         SH  0     Dex 14      Spells:  1 memorised,  3 levels left

Res.Fire  : . . .   See Invis. : .   (no weapon)
Res.Cold  : . . .   Warding    : .   a - +0 robe
Life Prot.: . . .   Conserve   : .   (no shield)
Res.Poison: .       Res.Corr.  : .   (helmet restricted)
Res.Elec. : .       Clarity    : .   (no cloak)
Sust.Abil.: . .     Spirit.Shd : .   (no gloves)
Res.Mut.  : .       Stasis     : .   (boots unavailable)
Res.Rott. : .       Flight     : .   (no amulet)
Saprovore : . . .                    (no ring)
                                     (no ring)

@: not resistant to hostile enchantments, fairly stealthy
A: beak, talons 3
a: no special abilities


You were on level 2 of the Dungeon.
You were near starving.

You visited 1 branch of the dungeon, and saw 2 of its levels.

You collected 129 gold pieces.

Inventory:

Armour
 a - a +0 robe (worn)
 o - a +0 cloak
Comestibles
 c - 2 bread rations
 i - an apple
 l - a slice of pizza
Scrolls
 d - a scroll of enchant armour {unknown}
 g - a scroll of teleportation {unknown}
 h - a scroll of remove curse {unknown}
 k - a scroll of identify {unknown}
 n - 2 scrolls of curse armour {unknown}
 r - a scroll of fear {unknown}
Jewellery
 p - an uncursed amulet of the gourmand {unknown}
Potions
 e - 2 potions of heal wounds {unknown}
 f - a potion of might {unknown}
 j - 2 potions of invisibility {unknown}
 m - a potion of brilliance {unknown}
 q - a potion of restore abilities {unknown}
Books
 b - a book of Flames

   Spells                             Type                      Level
   *Flame Tongue                      Conjuration/Fire             1
   Throw Flame                        Conjuration/Fire             2
   Conjure Flame                      Conjuration/Fire             3
   Inner Flame                        Hexes/Fire                   3
   Sticky Flame                       Conjuration/Fire             4
   Fireball                           Conjuration/Fire             5


   Skills:
 - Level 2.1 Dodging
 - Level 2.0 Stealth
 + Level 1.3 Spellcasting
 * Level 3.7 Conjurations
 * Level 3.8 Fire Magic


You had 3 spell levels left.
You knew the following spells:

 Your Spells              Type           Power        Failure   Level  Hunger
a - Flame Tongue          Conj/Fire      ##...        6%          1    ##.....


Dungeon Overview and Level Annotations

Branches:
Dungeon (2/27)

Altars:

Annotations
D:2 Terence


Innate Abilities, Weirdness & Mutations

You have a beak for a mouth.
You have claws for feet.


Message History

Terence is moderately wounded.
Terence completely misses you.
Casting: Flame Tongue
Confirm with . or Enter, or press ? or * to list all spells.
Aiming: Flame Tongue
Press: ? - help, Shift-Dir - straight line, f/p - Terence
Aim: Terence, wielding a flail and wearing a chain mail (moderately wounded)
The flame hits Terence.
Terence is severely wounded.
Terence hits you with a flail!
* * * LOW HITPOINT WARNING * * *
Casting: Flame Tongue
Confirm with . or Enter, or press ? or * to list all spells.
Aiming: Flame Tongue
Press: ? - help, Shift-Dir - straight line, f/p - Terence
Aim: Terence, wielding a flail and wearing a chain mail (severely wounded)
The flame hits Terence.
Terence is almost dead.
Terence hits you with a flail.
You die...

###### ###########....#
#..............###
#..............##.
#..............##. .####
#..............##.
...w...#..............##.
.......@@...........).'..
.......#..............##.
..... #############+####
.### #.......<...#
#......)..#.#
#.........#.######
#[.....[..#.....#
#.........#####.#
#.........# #.#.


You could see a worm and Terence.

Vanquished Creatures
  An adder (D:2)
  3 giant geckos
  2 bats
  5 giant cockroaches
  7 hobgoblins
  2 jackals (D:1)
  3 kobolds
  3 giant newts
  7 goblins
  2 rats
35 creatures vanquished.

Notes
Turn   | Place    | Note
--------------------------------------------------------------
     0 | D:1      | Kae, the Tengu Fire Elementalist, began the quest for the Orb.
     0 | D:1      | Reached XP level 1. HP: 10/10 MP: 3/3
   302 | D:1      | Reached XP level 2. HP: 4/15 MP: 3/5
  1233 | D:1      | Reached XP level 3. HP: 15/19 MP: 6/6
  2053 | D:2      | Noticed Terence
  2058 | D:2      | Slain by Terence

Action                   || total
-------------------------++-------
Melee: Unarmed           ||    73
 Cast: Flame Tongue      ||    56
